 Dungeon Crawl Stone Soup version 0.20.1-1-g8b1a95d (webtiles) character file.

99 KoningWillie the Skirmisher (level 4, 0/41 HPs)
             Began as a Minotaur Fighter on Sept 19, 2017.
             Slain by a rat (2 damage)
             ... on level 3 of the Dungeon.
             The game lasted 00:01:53 (2090 turns).

KoningWillie the Skirmisher (Minotaur Fighter)      Turns: 2090, Time: 00:01:53

Health: 0/41       AC:  7    Str: 22    XL:     4   Next: 45%
Magic:  3/3        EV:  7    Int:  5    God:
Gold:   78         SH:  9    Dex:  9    Spells: 3/3 levels left

rFire    . . .     SeeInvis .   a - +0 long sword
rCold    . . .     Gourm    .   c - +0 shield
rNeg     . . .     Faith    .   b - +0 scale mail
rPois    .         Spirit   .   (helmet restricted)
rElec    .         Reflect  .   (no cloak)
rCorr    .         Harm     .   o - -1 pair of gloves (curse)
MR       .....                  (no boots)
Stlth    ..........             (no amulet)
Regen    0.2/turn               (no ring)
MPRegen  0.1/turn               (no ring)

@: no status effects
A: retaliatory headbutt, horns 2
a: no special abilities


You were on level 3 of the Dungeon.
You were not hungry.

You visited 1 branch of the dungeon, and saw 3 of its levels.

You collected 78 gold pieces.

Inventory:

Hand Weapons
 a - a +0 long sword (weapon)
Armour
 b - a +0 scale mail (worn)
 c - a +0 shield (worn)
 o - a cursed -1 pair of gloves (worn)
Jewellery
 k - an uncursed amulet of faith {unknown}
Scrolls
 h - 2 scrolls of identify {unknown}
 i - a scroll of fear {unknown}
 j - a scroll of recharging {unknown}
 l - a scroll of blinking {unknown}
 n - a scroll of teleportation {unknown}
 p - a scroll of remove curse {unknown}
Potions
 d - a potion of might
 e - 2 potions of curing {unknown}
 g - a potion of lignification {unknown}
 q - 2 potions of heal wounds {unknown}
Books
 f - a book of Cantrips

   Spells                             Type                      Level
   a - Confusing Touch                Hexes                        1
   b - Animate Skeleton               Necromancy                   1
   c - Summon Small Mammal            Summoning                    1
   d - Apportation                    Translocation                1
Comestibles
 m - a meat ration


   Skills:
 + Level 4.7 Fighting
 * Level 4.2 Long Blades
 + Level 4.3 Armour
 + Level 0.2 Dodging
 - Level 3.6 Shields


You had 3 spell levels left.
You didn't know any spells.

Dungeon Overview and Level Annotations

Branches:
Dungeon (3/15)

Altars:


Innate Abilities, Weirdness & Mutations

You reflexively headbutt those who attack you in melee.
You have a pair of horns on your head.


Message History

You block the kobold's attack.
Things that are here:
a morningstar; a dagger; a leather armour You closely miss the kobold.
Your headbutt misses the kobold. You block the orc's attack.
The orc hits you with a club.
* * * LOW HITPOINT WARNING * * *
The rat bites you but does no damage. You block the kobold's attack.
You closely miss the kobold. Your headbutt misses the kobold.
The orc hits you with a trident.
* * * LOW HITPOINT WARNING * * *
The orc hits you but does no damage. You block the rat's attack.
The kobold closely misses you. You block the orc's attack.
You closely miss the orc.
The orc is almost dead.
You block the orc's attack. The rat bites you but does no damage.
The kobold hits you but does no damage. You block the orc's attack.
You closely miss the orc. Your headbutt misses the orc.
The orc is almost dead.
The orc hits you but does no damage. The rat bites you.
You die...

#.# #.....# #### #.#
#.....# ....... #.#
#.....# ....... #.#
#.....# .......
#.####.....# .......
#.##.......######.......
#.##.......'............
#.##.......####Ko......#
#.##.......# #r@......#
#.########## #..o.....#
#.# #........# #.#
#....[...# #.#
#........# #.#
#........# #.#
#........# #.#
#........# #.#


You could see 2 orcs, a kobold and a rat.

Vanquished Creatures
  2 orc priests (D:3)
  An adder (D:2)
  2 leopard geckos (D:2)
  An orc (D:3)
  A ball python (D:1)
  A giant cockroach (D:2)
  3 hobgoblins
  7 kobolds
  8 bats
  4 frilled lizards
  A goblin (D:1)
  3 rats
34 creatures vanquished.

Notes
Turn   | Place    | Note
-------+----------+-------------------------------------------
     0 | D:1      | KoningWillie the Minotaur Fighter began the quest for the Orb.
     0 | D:1      | Reached XP level 1. HP: 19/19 MP: 0/0
   472 | D:1      | Reached XP level 2. HP: 26/27 MP: 1/1
  1497 | D:2      | Reached XP level 3. HP: 28/33 MP: 2/2
  2081 | D:3      | Reached XP level 4. HP: 27/41 MP: 3/3
  2088 | D:3      | HP: 2/41 [orc/trident (2)]
  2090 | D:3      | Slain by a rat

Skill      XL: |  1  2  3  4 |
---------------+-------------+-----
Long Blades    | 3 4 |  4.2
Fighting       | 4 |  4.7
Armour         | 4 |  4.3
Dodging        | |  0.2
Shields        | |  3.6

Action                   |  1- 3 |  4- 6 || total
-------------------------+-------+-------++-------
Melee: Long sword        |    62 |     8 ||    70
       Headbutt          |    10 |     2 ||    12
  Eat: Bread ration      |     1 |       ||     1
Armor: Scale mail        |    31 |    10 ||    41
Dodge: Dodged            |    26 |     6 ||    32
Block: Shield            |    36 |    13 ||    49
       Rpst.: Long sword |     9 |     1 ||    10
